 Dungeon Crawl Stone Soup version 0.30.2 (webtiles) character file.

Game seed: 16366475566536426105

42 porpoise the Magician (level 3, 0/28 HPs)
             Began as a Djinni Fire Elementalist on Feb 15, 2024.
             Slain by a cerulean imp
             ... wielding a +2 spear
             ... summoned by Natasha
              (4 damage)
             ... on level 2 of the Dungeon.
             The game lasted 00:03:55 (1627 turns).

porpoise the Magician (Djinni Fire Elementalist)    Turns: 1627, Time: 00:03:55

Health: 0/28       AC:  3    Str:  7    XL:     3   Next: 80%
Gold:   115        EV: 12    Int: 18    God:
                   SH:  0    Dex: 13

rFire   + + .        b - +0 sling
rCold   x . .        (no shield)
rNeg    . . .        d - +0 robe
rPois   ∞            (no helmet)
rElec   .            (no cloak)
rCorr   +            m - +0 pair of gloves
SInv    .            (boots unavailable)
Will    .....        (no amulet)
Stlth   ++           k - ring of resist corrosion
HPRegen 0.24/turn    (no ring)
MPRegen 0.00/turn

%: infuse magic (-1 HP)
@: flying, slowed, very slow
A: sickness immunity, fire resistance 2, cold vulnerability 1, float, innate
caster, HP casting, extra vitality 1
a: no special abilities


You were on level 2 of the Dungeon.
You visited 1 branch of the dungeon, and saw 2 of its levels.

You collected 115 gold pieces.

Inventory:

Hand Weapons
 a - a +0 short sword
 b - a +0 sling (weapon)
Armour
 d - a +0 robe (worn)
 m - a +0 pair of gloves (worn)
Magical Staves
 g - a staff of earth
Jewellery
 k - a ring of resist corrosion (left hand)
Scrolls
 h - a scroll of noise {unknown}
 i - a scroll of fog {unknown}
 j - a scroll of enchant armour {unknown}
 l - a scroll of vulnerability {unknown}
Potions
 c - 3 potions of might {unknown}
 e - a potion of heal wounds {unknown}
 f - 3 potions of curing {unknown}


   Skills:
 + Level 2.0 Fighting
 - Level 2.1 Dodging
 - Level 1.5 Stealth
 + Level 3.0 Spellcasting


You knew the following spells:

 Your Spells              Type           Power      Damage    Failure   Level
a - Foxfire               Conj/Fire      52%        2x1d6     4%          1
b - Scorch                Fire           26%        2d6       7%          2
c - Volatile Blastmotes   Fire/Tloc      26%        2d12      14%         3
d - Inner Flame           Hex/Fire       13%        N/A       14%         3
e - Flame Wave            Conj/Fire      13%        2d6       43%         4
f - Beastly Appendage     Tmut           26%        N/A       4%          1
Your spell library was empty.

Dungeon Overview and Level Annotations

Branches:
Dungeon (2/15)

Altars:

Annotations:
D:2 Natasha


Innate Abilities, Weirdness & Mutations

You are immune to sickness and miasma.
You are immune to poison.
Your flesh is very heat resistant. (rF++)
You are vulnerable to cold. (rC-)
You float through the air rather than walking.
You learn spells naturally, not from books.
Your magical power is your life essence.
You have superior vitality. (+4 MHP)


Message History

Confirm with . or Enter, or press ? or * to list all spells.
There is not enough space to conjure foxfire!
You shoot a sling bullet.
The sling bullet closely misses Natasha.
The foxfire hits Natasha.
Natasha is moderately wounded.
Natasha casts a spell at you.
You feel yourself slow down.
You shoot a sling bullet. The sling bullet hits Natasha.
Natasha is severely wounded.
Natasha completely misses you. Natasha barely misses you.
Casting: Foxfire (safe; 4% risk of failure)
Confirm with . or Enter, or press ? or * to list all spells.
You conjure some foxfire!
Natasha barely misses you.
You shoot a sling bullet. The sling bullet hits Natasha.
Natasha is almost dead.
The foxfire hits Natasha.
Natasha is almost dead.
Natasha claws you.
Natasha mumbles some strange words.
Natasha closely misses you.
Casting: Foxfire (safe; 4% risk of failure)
Confirm with . or Enter, or press ? or * to list all spells.
You conjure some foxfire!
Natasha claws you.
You shoot a sling bullet. The sling bullet barely misses Natasha.
The sling bullet hits the cerulean imp.
The cerulean imp is moderately wounded.
The foxfire hits Natasha.
Natasha is almost dead.
The cerulean imp hits you from afar with a +2 spear.
Natasha completely misses you.
The cerulean imp hits you from afar with a +2 spear.
* * * LOW HITPOINT WARNING * * *
Natasha barely misses you.
Casting: Foxfire (safe; 4% risk of failure)
Confirm with . or Enter, or press ? or * to list all spells.
You conjure some foxfire!
* * * LOW HITPOINT WARNING * * *
The cerulean imp hits you from afar with a +2 spear.
You die...

####.####.§...v#
#.# #......#
###.####......#
#>..............
#.###############
#.# #.# #.#
######### #.#
#@h5....? #.#
##v####### #.#
#......... #.#
#.[.###### #.#
#...# #.####..#
#########.......#
#.......#######.#
#.#####.# ...


You could see Natasha (ally target) and a cerulean imp (summoned).

Vanquished Creatures
  An adder (D:2)
  A worm (D:2)
  2 dart slugs (D:2)
  A ball python (D:1)
  2 endoplasms (D:1)
  A giant cockroach (D:1)
  5 goblins
  3 hobgoblins
  4 bats
  2 frilled lizards (D:1)
  3 kobolds
  2 rats (D:1)
27 creatures vanquished.

Vanquished Creatures (others)
  40 foxfires
40 creatures vanquished.

Grand Total: 67 creatures vanquished

Notes
Turn   | Place    | Note
-------+----------+-------------------------------------------
     0 | D:1      | porpoise the Djinni Fire Elementalist began the quest for
                  | the Orb.
     0 | D:1      | porpoise set off with the following spells memorised:
                  | Foxfire, Scorch, Volatile Blastmotes, Inner Flame, Flame
                  | Wave.
     0 | D:1      | Reached XP level 1. HP: 15/15 MP: 0/0
   210 | D:1      | Reached skill level 1 in Fighting
   210 | D:1      | Reached XP level 2. HP: 21/22 MP: 0/0
   950 | D:2      | Found a faded altar of an unknown god.
  1062 | D:2      | Reached XP level 3. HP: 27/27 MP: 0/0
  1062 | D:2      | Learned a level 1 spell: Beastly Appendage
  1283 | D:2      | Reached skill level 3 in Spellcasting
  1618 | D:2      | Noticed Natasha
  1627 | D:2      | Slain by a cerulean imp

Illustrated notes

Levels and vault maps discovered:
D:1:      minmay_arrival_open_corners, layout_basic
D:2:      layout_basic, ebering_ecumenical_altar_mist, uniq_natasha

Skill      XL: |  1  2  3 |
---------------+----------+-----
Fighting       | 1 2 |  2.0
Spellcasting   | 3 |  3.0
Dodging        | |  2.1
Stealth        | |  1.5

Action                     || total
---------------------------++-------
   Fire: Sling             ||    67
   Cast: Foxfire           ||    31
         Scorch            ||     1
 Armour: Robe              ||     4
  Dodge: Dodged            ||    28
